 Dungeon Crawl Stone Soup version 0.25-a0-589-g1e14c549ee (webtiles) character file.

Game seed: 8434682664777160472, levelgen mode: deterministic

107 kae the Sneak (level 4, -2/30 HPs)
             Began as a Vampire Enchanter on Mar 9, 2020.
             Slain by a gnoll (9 damage)
             ... on level 3 of the Dungeon.
             The game lasted 00:02:36 (2269 turns).

kae the Sneak (Vampire Enchanter)                   Turns: 2269, Time: 00:02:36

Health: -2/30      AC:  2    Str:  8    XL:     4   Next: 57%
Magic:  0/7        EV: 13    Int: 17    God:
Gold:   167        SH:  0    Dex: 14    Spells: 5/8 levels left

rFire    . . .     SeeInvis +   i - +0 dagger (speed)
rCold    . . .     Gourm    .   (no shield)
rNeg     . . .     Faith    .   b - +0 robe
rPois    .         Spirit   .   (no helmet)
rElec    .         Reflect  .   (no cloak)
rCorr    .         Harm     .   (no gloves)
MR       .....                  (no boots)
Stlth    +++.......             (no amulet)
HPRegen  0.30/turn              (no ring)
MPRegen  0.10/turn              (no ring)

@: very slightly contaminated, regenerating quickly
A: no food, fangs 3, see invisible, unbreathing
a: Exsanguinate


You were on level 3 of the Dungeon.
You were alive.

You visited 1 branch of the dungeon, and saw 3 of its levels.

You collected 167 gold pieces.

Inventory:

Hand Weapons
 a - a +1 dagger
 i - a +0 dagger of speed (weapon)
Armour
 b - a +0 robe (worn)
Scrolls
 c - a scroll of random uselessness {unknown}
 d - 2 scrolls of identify {unknown}
 e - a scroll of fear {unknown}
 g - a scroll of teleportation {unknown}
 h - a scroll of enchant armour {unknown}
 j - 2 scrolls of remove curse
 k - a scroll of amnesia {unknown}
Potions
 f - a potion of degeneration {unknown}
 l - a potion of curing {unknown}


   Skills:
 * Level 2.7 Short Blades
 * Level 3.1 Dodging
 + Level 5.2 Stealth
 + Level 2.5 Spellcasting
 + Level 5.0 Hexes


You had 5 spell levels left.
You knew the following spells:

 Your Spells              Type           Power        Failure   Level  Hunger
a - Corona                Hex            ###....      2%          1    N/A
b - Ensorcelled Hibernat  Hex/Ice        ##....       10%         2    N/A

Your spell library contained the following spells:

 Spells                   Type           Power        Failure   Level  Hunger
 Confusing Touch          Hex            ###.....     7%          3    N/A
 Tukima's Dance           Hex            ###.....     7%          3    N/A
 Dazzling Flash           Conj/Hex       ##....       19%         3    N/A

Dungeon Overview and Level Annotations

Branches:
Dungeon (3/15)

Altars:
Nemelex Xobeh
The Shining One


Innate Abilities, Weirdness & Mutations

You do not eat.
Your natural rate of healing is unusually fast.
You have razor-sharp teeth.
You have supernaturally acute eyesight. (SInv)
You can survive without breathing.


Message History

You struggle against the net.
The gnoll barely misses you.
You rip the net and break free!
The gnoll closely misses you.
There is a stone staircase leading up here.
Casting: Ensorcelled Hibernation (safe; 10% risk of failure)
Confirm with . or Enter, or press ? or * to list all spells.
You don't have enough magic to cast that spell.
You barely miss the gnoll. You hit the gnoll but do no damage.
The gnoll barely misses you.
Casting: Ensorcelled Hibernation (safe; 10% risk of failure)
Confirm with . or Enter, or press ? or * to list all spells.
Aiming: Ensorcelled Hibernation (safe; 10% risk of failure)
Press: ? - help, Shift-Dir - straight line, f/p - gnoll
Aim: a gnoll (chance to defeat MR: 50%)
You miscast Ensorcelled Hibernation.
You are very lightly contaminated with residual magic.
You feel a strange surge of energy! The gnoll hits you!
* * * LOW HITPOINT WARNING * * *
You hit the gnoll but do no damage. The gnoll hits you!
You die...

.g###.#.# #g# .># #.#.#
##.# ..###+#.# #..#
.....?..# #.## ♣.#.g...#
#.### ♣........# #.#.##
..........###.)..########
♣..g......+..........(...
.♣........###..g@########
♣.....>..## ###..#
.......## ##.# ####...##
#.# #.# #.# #.# ..#


You could see a gnoll.

Vanquished Creatures
  2 gnolls (D:3)
  3 adders
  A dart slug (D:2)
  3 leopard geckos
  An orc (D:3)
  A giant cockroach (D:1)
  14 hobgoblins
  3 jackals (D:1)
  6 kobolds
  4 bats
  A frilled lizard (D:1)
  7 goblins
  5 rats
51 creatures vanquished.

Notes
Turn   | Place    | Note
-------+----------+-------------------------------------------
     0 | D:1      | kae the Vampire Enchanter began the quest for the Orb.
     0 | D:1      | Reached XP level 1. HP: 13/13 MP: 3/3
   173 | D:1      | Reached XP level 2. HP: 13/19 MP: 5/5
   527 | D:1      | Learned a level 2 spell: Ensorcelled Hibernation
   644 | D:1      | Reached XP level 3. HP: 7/24 MP: 2/6
  1299 | D:2      | Reached skill level 5 in Stealth
  1335 | D:2      | Found a sparkling altar of Nemelex Xobeh.
  1458 | D:2      | Found a glowing golden altar of the Shining One.
  1977 | D:2      | Reached skill level 5 in Hexes
  1977 | D:2      | Reached XP level 4. HP: 17/30 MP: 0/7
  2269 | D:3      | Slain by a gnoll

Levels and vault maps discovered:
D:1:      ebering_hopf_link, layout_basic, minivault_5, serial_bayou_lagoon_b
D:2:      layout_basic, nemelex_altar_shiori, tso_altar, st_stairs_13
D:3:      layout_loops_corners, marbit_many_paths,
          chequers_ecumenical_altar_grove, uniq_natasha

Skill      XL: |  1  2  3 |
---------------+----------+-----
Short Blades   | 2 |  2.7
Stealth        | 5 |  5.2
Dodging        | 3 |  3.1
Hexes          | 5 |  5.0
Spellcasting   | |  2.5

Action                   |  1- 3 |  4- 6 || total
-------------------------+-------+-------++-------
Melee: Dagger            |   150 |    39 ||   189
       Bite              |    14 |     2 ||    16
 Cast: Corona            |     3 |       ||     3
       Ensorcelled Hiber |    11 |     5 ||    16
  Use: Scroll            |     1 |       ||     1
 Stab: Sleeping          |    17 |     3 ||    20
Armor: Robe              |    25 |     1 ||    26
Dodge: Dodged            |    70 |    23 ||    93

Table legend:
 A = Non-vault XP
 B = Vault XP
 C = Vault XP percentage of total XP
 D = Non-vault monster count
 E = Vault monster count
 F = Vault count percentage of total count
                 A         B        C        D         E       F
            +---------+---------+-------+---------+---------+-------
      Total |     153 |       1 |   0.6 |      50 |       1 |   2.0
            +---------+---------+-------+---------+---------+-------
        D:1 |      53 |       0 |   0.0 |      30 |       0 |   0.0
        D:2 |      51 |       1 |   1.9 |      14 |       1 |   6.7
        D:3 |      49 |       0 |   0.0 |       6 |       0 |   0.0
            +---------+---------+-------+---------+---------+-------
